 Dungeon Sprint DCSS version 0.26-a0-707-g31817bcca1 (webtiles) character file.

Game seed: 15027286260164174726

850 olmar the Cleaver (level 7, 0/55 (57) HPs)
             Began as a Deep Dwarf Fighter on Oct 27, 2020.
             Was an Initiate of Gozag.
             Slain by a neqoxec (6 damage)
             ... while paralysed
             ... in the Dungeon (Sprint II: "The Violet Keep of Menkaure").
             The game lasted 00:01:40 (223 turns).

olmar the Cleaver (Deep Dwarf Fighter)               Turns: 223, Time: 00:01:40

HP:   0/55 (57)     AC:  5    Str: 20 (21) XL:     7   Next: 69%
MP:   6/6           EV:  2    Int:  0 (9)  God:    Gozag
Gold: 1089          SH:  0    Dex: 10      Spells: 6/6 levels left

rFire    . . .     SeeInvis .   a - +0 war axe
rCold    . . .     Faith    .   c - +0 kite shield
rNeg     . . .     Spirit   .   b - +0 scale mail
rPois    .         Reflect  .   (no helmet)
rElec    .         Harm     .   (no cloak)
rCorr    .         Rampage  .   (no gloves)
MR       +....     NoTele   +   (no boots)
Stlth    ..........             (no amulet)
HPRegen  0.00/turn              (no ring)
MPRegen  0.10/turn              (no ring)

@: paralysed, gold aura, non-regenerating, slowed, lost intelligence
A: damage resistance, heal wounds, blurry vision 2, clumsy 1, deformed body,
deterioration 1, frail 2, low mp 1, sense surroundings 1, no regeneration
a: Heal Wounds, Potion Petition, Call Merchant, Bribe Branch, Renounce Religion


You were in the Dungeon.
You worshipped Gozag.
Gozag was most pleased with you.
You visited 1 branch You collected 1089 gold pieces.

Inventory:

Hand Weapons
 a - a +0 war axe (weapon)
Armour
 b - a +0 scale mail (worn)
 c - a +0 kite shield (worn)
Scrolls
 j - a scroll of blinking
Potions
 h - 2 potions of magic


   Skills:
 + Level 7.0 Fighting
 + Level 11.7 Axes
 + Level 8.7 Armour
 + Level 9.8 Shields


You had 6 spell levels left.
You didn't know any spells.
Your spell library was empty.

Dungeon Overview and Level Annotations

Branches:
Dungeon (1/1)

Altars:
Cheibriados
Dithmenos
Elyvilon
Fedhas
Gozag
Hepliaklqana
Kikubaaqudgha
Makhleb
Nemelex Xobeh
Okawaru
Qazlal
Ru
Sif Muna
Trog
Uskayaw
Vehumet
Wu Jian
Xom
Yredelemnul
Zin
The Shining One
Beogh
Jiyva
Lugonu

Shops:
D }!:[:=![?=


Innate Abilities, Weirdness & Mutations

You are resistant to damage.
You can heal yourself by infusing magical energy.
You passively map a small area around you.
You do not regenerate.
Scrolls take you longer to read.
You are clumsy. (Dex -2)
Armour fits poorly on your strangely shaped body.
Your body sometimes deteriorates upon taking damage.
You are very frail. (-20% HP)
Your magical capacity is low. (-10% MP)


Message History

You hit the neqoxec.
The neqoxec is lightly wounded.
The neqoxec hits you!
* * * LOW HITPOINT WARNING * * *
Your body deteriorates!
You feel weakened.
You hit the neqoxec but do no damage.
The neqoxec is lightly wounded.
The iron imp disappears in a puff of smoke!
The neqoxec hits you.
* * * LOW HITPOINT WARNING * * *
Unknown command.
You slash the neqoxec!
The neqoxec is heavily wounded.
The neqoxec gestures at you.
You feel dopey.
You have lost your intelligence.
Something feeds on your intellect!
The shadow imp disappears in a puff of smoke!
The neqoxec hits you!
You die...
Your body crumbles into a pile of gold. $ * ≈ ≈ * * *++ , , * ######≈ ,, .. $ , ....∩#≈≈≈ .. *** , ...∩.#≈≈≈ ## ###.####,$ .###* ..∩.∩#≈≈ .##5. ...# ^..# * .∩.∩.#≈≈### 535

###..## #..#*$#▓
∩.∩..#≈##.###5###.##..#$,+..# #▓
.....#≈##..##.##@..#..#, #..# ,#▓
⌠....+≈'.##'.<§3##.'..####..####▓
.....#≈##..##.##.###..§§###.^.##▓
▓▓▓###≈##.###'###.##.§....≈≈≈≈≈≈≈
######≈≈####.#.####≈≈§....≈#'####
* +^##≈≈≈#..#..#≈≈§≈≈≈≈..≈#.....
$ #+#≈##...##≈≈§§≈≈≈≈.≈#...._ * *
#≈≈##+##≈≈≈§≈≈§§≈≈≈#..._. *
,**##≈≈≈≈≈≈≈≈≈≈≈≈§≈≈≈≈#.._._


You could see a neqoxec.

Vanquished Creatures
  3 neqoxecs (D)
  A water moccasin (D)
  4 necrophages (D)
  4 worker ants (D)
  3 worms (D)
15 creatures vanquished.

Vanquished Creatures (others)
  Menkaure (D)
1 creature vanquished.

Grand Total: 16 creatures vanquished

Notes
Turn   | Place    | Note
-------+----------+-------------------------------------------
     0 | D        | olmar the Deep Dwarf Fighter began the quest for the Orb.
     0 | D        | Reached XP level 1. HP: 20/20 MP: 1/1
     1 | D        | Noticed a worker ant
     1 | D        | Noticed a worker ant
     1 | D        | Noticed a worker ant
     1 | D        | Noticed a worker ant
     6 | D        | Killed a worker ant
     6 | D        | Reached skill level 3 in Axes
     6 | D        | Reached XP level 2. HP: 30/30 MP: 2/2
    12 | D        | Reached skill level 5 in Shields
    12 | D        | Reached XP level 3. HP: 37/37 MP: 3/3
    23 | D        | Reached skill level 4 in Axes
    23 | D        | Reached skill level 5 in Armour
    23 | D        | Reached XP level 4. HP: 28/45 MP: 4/4
    39 | D        | Found Kyclo's Jewellery Emporium.
    39 | D        | Found Kiximmea's Antique Armour Emporium.
    39 | D        | Found Xitivil's Antique Armour Shoppe.
    39 | D        | Found Hutizops's Book Shoppe.
    40 | D        | Found Vacytytreh's Book Shoppe.
    40 | D        | Found Ratholearr's Jewellery Emporium.
    40 | D        | Found Hazarghi's Distillery.
    40 | D        | Found Pumuj's Magic Scroll Shoppe.
    42 | D        | Found Omoorch's Distillery.
    42 | D        | Found Ahiacw's Gadget Emporium.
    42 | D        | Noticed a soldier ant
    44 | D        | Killed Menkaure
    50 | D        | Noticed an ice statue
    60 | D        | Noticed a water moccasin
    61 | D        | Found a roughly hewn altar of Beogh.
    62 | D        | Found a snail-covered altar of Cheibriados.
    63 | D        | Found a shadowy altar of Dithmenos.
    63 | D        | Found a viscous altar of Jiyva.
    65 | D        | Killed a water moccasin
    65 | D        | Reached skill level 5 in Fighting
    65 | D        | Reached skill level 5 in Axes
    68 | D        | Found a white marble altar of Elyvilon.
    68 | D        | Found an ancient bone altar of Kikubaaqudgha.
    68 | D        | Found a hazy altar of Hepliaklqana.
    68 | D        | Found a sacrificial altar of Ru.
    69 | D        | Found a blossoming altar of Fedhas.
    69 | D        | Found a corrupted altar of Lugonu.
    69 | D        | Found a shimmering blue altar of Sif Muna.
    70 | D        | Found an opulent altar of Gozag.
    70 | D        | Found a burning altar of Makhleb.
    70 | D        | Found a bloodstained altar of Trog.
    71 | D        | Found a sparkling altar of Nemelex Xobeh.
    71 | D        | Found a hide-covered altar of Uskayaw.
    72 | D        | Found a basalt altar of Yredelemnul.
    73 | D        | Found an iron altar of Okawaru.
    73 | D        | Found a radiant altar of Vehumet.
    73 | D        | Found a glowing silver altar of Zin.
    73 | D        | Found a shimmering altar of Xom.
    74 | D        | Found a stormy altar of Qazlal.
    74 | D        | Found an ornate altar of the Wu Jian Council.
    74 | D        | Found a glowing golden altar of the Shining One.
    76 | D        | Noticed a water moccasin
    76 | D        | Noticed a water moccasin
    79 | D        | Became a worshipper of Gozag Ym Sagoz the Greedy
   119 | D        | Noticed a necrophage
   119 | D        | Noticed a necrophage
   119 | D        | Noticed a necrophage
   119 | D        | Noticed a necrophage
   131 | D        | Killed a necrophage
   131 | D        | Reached skill level 7 in Axes
   131 | D        | Reached XP level 5. HP: 49/50 MP: 5/5
   133 | D        | Killed a necrophage
   133 | D        | Reached skill level 8 in Axes
   133 | D        | Reached XP level 6. HP: 58/60 MP: 6/6
   135 | D        | Reached skill level 9 in Axes
   154 | D        | Noticed a neqoxec
   154 | D        | Noticed a neqoxec
   154 | D        | Noticed a neqoxec
   154 | D        | Noticed a neqoxec
   163 | D        | Gained mutation: Your magical capacity is low. (-10% MP) [a
                  | neqoxec]
   165 | D        | Gained mutation: Your body sometimes deteriorates upon
                  | taking damage. [a neqoxec]
   169 | D        | Gained mutation: You are clumsy. (Dex -2) [a neqoxec]
   174 | D        | Gained mutation: Armour fits poorly on your strangely
                  | shaped body. [a neqoxec]
   177 | D        | Lost mutation: You are clumsy. (Dex -2) [a neqoxec]
   179 | D        | Killed a neqoxec
   179 | D        | Reached skill level 10 in Axes
   179 | D        | Reached XP level 7. HP: 46/68 MP: 6/6
   184 | D        | Gained mutation: You are frail. (-10% HP) [a neqoxec]
   194 | D        | Killed a neqoxec
   194 | D        | Reached skill level 11 in Axes
   206 | D        | Gained mutation: Scrolls take you a little longer to read.
                  | [a neqoxec]
   207 | D        | Gained mutation: You are clumsy. (Dex -2) [a neqoxec]
   210 | D        | Gained mutation: You are very frail. (-20% HP) [a neqoxec]
   211 | D        | Gained mutation: Scrolls take you longer to read. [a
                  | neqoxec]
   214 | D        | Killed a neqoxec
   222 | D        | Lost intelligence.
   223 | D        | Slain by a neqoxec

Illustrated notes

Levels and vault maps discovered:
D:        the_violet_keep_of_menkaure [sprint2_stairs_cluster_1,
          sprint2_shoproom, sprint2_temple, sprint2_basic_supplies,
          sprint2_obstacle_2, sprint2_obstacle_4, sprint2_obstacle_7,
          sprint2_obstacle_1, sprint2_obstacle_6, sprint2_timed_cluster_1,
          sprint2_smallroom_cluster_1, sprint2_smallroom_final_cluster_1,
          sprint2_transparent_cluster_1, sprint2_second_timed_cluster_1,
          sprint2_sniper_area_1, sprint2_heavy_combat_area_1,
          sprint2_mutation_trap_area_1, sprint2_forest_area_1,
          sprint2_light_combat_area_1, sprint2_behind_water_1,
          sprint2_near_end_vault_1]

Skill      XL: |  1  2  3  4  5  6  7 |
---------------+----------------------+-----
Fighting       | 3 4 5 6 7 |  7.0
Axes           | 3 4 7 8 10 11 | 11.7
Armour         | 4 5 6 7 8 |  8.7
Shields        | 4 5 7 8 9 |  9.8

Action                   |  1- 3 |  4- 6 |  7- 9 || total
-------------------------+-------+-------+-------++-------
Melee: War axe           |    20 |    64 |    38 ||   122
 Abil: Heal Wounds       |       |     1 |       ||     1
  Use: Potion            |     2 |     3 |       ||     5
 Stab: Distracted        |       |       |     1 ||     1
Armor: Scale mail        |     3 |    17 |     7 ||    27
Dodge: Dodged            |     6 |    12 |     5 ||    23
Block: Kite shield       |    13 |    27 |     8 ||    48

Table legend: (Time is in decaauts)
 A = Elapsed time spent in this place.
 B = Non-inter-level travel time spent in this place.
 C = Inter-level travel time spent in this place.
 D = Time resting spent in this place.
 E = Time spent auto-exploring this place.
 F = Levels seen in this place.
 G = Mean time per level.
                   A        B        C        D        E       F      G
               +--------+--------+--------+--------+--------+-----+--------+
         Total |    249 |    249 |      0 |      0 |      0 |   1 |  249.0 |
       Dungeon |    249 |    249 |      0 |      0 |      0 |   1 |  249.0 |
               +--------+--------+--------+--------+--------+-----+--------+

Top non-repeatable levels by time:
       D: 249 daAuts
